 Dungeon Crawl Stone Soup version 0.23.0 (webtiles) character file.

Game seed: 6469139603976955120

449 Oravi the Chopper (level 7, -2/61 HPs)
             Began as a Hill Orc Fighter on Feb 8, 2019.
             Slain by Edmund
             ... wielding a +5 dire flail of crushing
              (3 damage)
             ... on level 4 of the Dungeon.
             The game lasted 00:14:28 (3787 turns).

Oravi the Chopper (Hill Orc Fighter)                Turns: 3787, Time: 00:14:29

Health: -2/61      AC:  8    Str: 26    XL:     7   Next: 4%
Magic:  7/7        EV:  6    Int:  8    God:
Gold:   94         SH: 10    Dex: 10    Spells: 6/6 levels left

rFire    . . .     SeeInvis .   a - +0 war axe
rCold    . . .     Gourm    .   c - +0 shield
rNeg     . . .     Faith    .   t - +0 chain mail
rPois    .         Spirit   .   (no helmet)
rElec    .         Reflect  .   (no cloak)
rCorr    +         Harm     .   (no gloves)
MR       .....                  (no boots)
Stlth    ..........             (no amulet)
HPRegen  0.20/turn              u - ring of resist corrosion
MPRegen  0.10/turn              (no ring)

@: mighty, drained
A: no striking features
a: no special abilities


You were on level 4 of the Dungeon.
You were not hungry.

You visited 1 branch of the dungeon, and saw 4 of its levels.

You collected 94 gold pieces.

Inventory:

Hand Weapons
 a - a +0 war axe (weapon)
 b - a +0 hunting sling
 i - a +2 dagger of holy wrath
Missiles
 e - 81 stones (quivered)
 m - 68 arrows
 w - 10 poisoned needles
 A - 9 tomahawks
Armour
 c - a +0 shield (worn)
 h - a +0 scale mail
 n - a +2 robe of fire resistance
 t - a +0 chain mail (worn)
Jewellery
 u - a ring of resist corrosion (left hand)
Scrolls
 g - a scroll of enchant weapon {unknown}
 j - 2 scrolls of noise {unknown}
 k - 10 scrolls of identify {unknown}
 l - 2 scrolls of magic mapping {unknown}
 o - a scroll of teleportation {unknown}
 p - 2 scrolls of blinking {unknown}
 q - 2 scrolls of enchant armour {unknown}
 r - a scroll of fear {unknown}
 v - 2 scrolls of amnesia {unknown}
 y - 2 scrolls of random uselessness {unknown}
Potions
 s - a potion of lignification {unknown}
 x - 2 potions of ambrosia {unknown}
 B - a potion of curing {unknown}
Comestibles
 f - 2 rations
 z - a chunk of flesh


   Skills:
 + Level 5.4(4.4) Fighting
 * Level 7.4(6.3) Axes
 + Level 3.2(2.3) Armour
 + Level 4.8(3.8) Shields


You had 6 spell levels left.
You didn't know any spells.
Your spell library was empty.

Dungeon Overview and Level Annotations

Branches:
Dungeon (4/15)
 Temple: D:4-7

Altars:
Trog

Annotations:
D:4 Edmund


Message History

You slash Edmund!
Edmund is severely wounded.
You block Edmund's attack.
Your shield and chain mail prevent you from hitting Edmund.
Edmund is severely wounded.
Edmund hits you with a +5 dire flail of crushing!
* * * LOW HITPOINT WARNING * * *
x2 You are too injured to fight recklessly!
You are too injured to fight recklessly!
You are too injured to fight recklessly!
You are too injured to fight recklessly!
You feel very mighty all of a sudden. You block Edmund's attack.
You hit Edmund but do no damage.
Edmund is severely wounded.
Edmund hits you with a +5 dire flail of crushing!
* * * LOW HITPOINT WARNING * * *
x2 Edmund hits you with a +5 dire flail of crushing!
* * * LOW HITPOINT WARNING * * *
You die...

#...# #...######.## #...# ..
#............ #...##.....#
#######..<.....####
.....+.....+
........>..........
#.####..... ######.#####..####
#.##...... ##### #.........#
........# #...# #..######.#
#.......#.##...#####..######.#
#......##(.((.(@@....[.......#
#......#####...###############
...........+...†......
#####.÷....#...#......
....#......#####.>....
......###### ....( ###.#.# ##
..... #...#.# .. #...
#.###.###.#### ###


You could see Edmund.

Vanquished Creatures
  An ogre (D:3)
  A hound (D:4)
  2 orc wizards (D:3)
  Jessica (D:2)
  Natasha (thrice) (D:2)
  A worker ant (D:4)
  An adder (D:3)
  3 gnolls (D:4)
  3 oozes
  A worm (D:2)
  4 leopard geckos
  19 orcs
  A ball python (D:3)
  6 giant cockroaches
  2 hobgoblins
  7 jackals
  3 quokkas
  4 bats
  6 frilled lizards
  7 goblins
  5 kobolds
  3 rats
84 creatures vanquished.

Notes
Turn   | Place    | Note
-------+----------+-------------------------------------------
     0 | D:1      | Oravi the Hill Orc Fighter began the quest for the Orb.
     0 | D:1      | Reached XP level 1. HP: 19/19 MP: 1/1
   226 | D:1      | Reached skill level 3 in Axes
   266 | D:1      | Reached XP level 2. HP: 18/26 MP: 2/2
   472 | D:1      | Reached skill level 4 in Axes
   929 | D:2      | Reached XP level 3. HP: 29/33 MP: 3/3
   948 | D:2      | Noticed Jessica
   967 | D:2      | Killed Jessica
  1411 | D:2      | Noticed Natasha
  1421 | D:2      | Killed Natasha
  1421 | D:2      | Reached skill level 5 in Axes
  1421 | D:2      | Reached XP level 4. HP: 10/40 MP: 4/4
  1955 | D:2      | Noticed Natasha
  1964 | D:2      | Killed Natasha
  2095 | D:2      | Noticed Natasha
  2105 | D:2      | Killed Natasha
  2105 | D:2      | Reached XP level 5. HP: 46/47 MP: 5/5
  2350 | D:3      | Reached skill level 6 in Axes
  2675 | D:3      | Reached XP level 6. HP: 39/55 MP: 6/6
  2761 | D:3      | Reached skill level 5 in Fighting
  3207 | D:4      | Reached skill level 7 in Axes
  3454 | D:4      | Found a bloodstained altar of Trog.
  3692 | D:4      | Noticed Edmund
  3761 | D:4      | Reached XP level 7. HP: 50/61 MP: 7/7
  3787 | D:4      | HP: 1/61 [Edmund/+5 dire flail of crushing (8)]
  3787 | D:4      | Slain by Edmund

Skill      XL: |  1  2  3  4  5  6 |
---------------+-------------------+-----
Axes           | 3 4 5 6 7 |  7.4
Fighting       | 4 5 |  5.4
Shields        | 4 |  4.8
Armour         | |  3.2

Action                   |  1- 3 |  4- 6 |  7- 9 || total
-------------------------+-------+-------+-------++-------
Melee: War axe           |    96 |   101 |     7 ||   204
 Fire: Hunting sling     |    13 |   176 |     5 ||   194
Throw: Stone             |    40 |     3 |       ||    43
  Use: Potion            |       |       |     1 ||     1
  Eat: Chunk             |     2 |     7 |       ||     9
Armor: Scale mail        |    36 |    39 |       ||    75
       Chain mail        |       |    31 |     1 ||    32
Dodge: Dodged            |    29 |    53 |       ||    82
Block: Shield            |    46 |    88 |     5 ||   139
